Map: Berlingrad LE

Players

FacadaNoBuxo - Winner!

  • Race: Terran Terran
  • League: Diamond
  • Spawn Location: 5:00

SupoSatan

  • Race: Zerg Zerg
  • League: Diamond
  • Spawn Location: 11:00

VOD

Have the link to the VOD?

Description

Time

  • Played on: May 1, 2022, 4:10 a.m.
  • Length: 16:33
Show
View Real Time Build Order
Export as new Build Order

FacadaNoBuxo Terran - Winner!

Build Orders: 2 Factory 

Get SALT Encoding   

  12  0:01  SCV  
  13  0:13  SCV  
  14  0:19  Supply Depot  
  14  0:25  SCV  
  15  0:41  SCV  
  16  0:46  Barracks  
  16  0:53  SCV  
  17  1:06  SCV  
  18  1:18  SCV  
  18  1:25  Command Center  
  19  1:37  Orbital Command  
  19  1:38  Marine  
  20  1:46  Supply Depot  
  20  1:51  Refinery  
  20  1:56  Marine  
  20  1:59  Refinery  
  21  2:06  SCV  
  22  2:14  Bunker  
  22  2:18  Marine  
  22  2:19  SCV  
  24  2:31  SCV  
  25  2:38  Orbital Command  
  25  2:42  Refinery  
  25  2:43  SCV, Marine  
  27  2:55  SCV, Factory  
  28  3:04  Factory  
  28  3:05  SCV  
  29  3:07  SCV  
  30  3:17  SCV  
  30  3:19  SCV  
  32  3:29  SCV  
  32  3:31  SCV  
  34  3:41  SCV  
  35  3:45  Command Center  
  35  3:51  Factory Tech Lab  
  35  3:58  Supply Depot  
  35  4:02  Factory Reactor  
  35  4:03  SCV  
  35  4:04  SCV  
  37  4:13  Marine  
  37  4:15  SCV  
  37  4:17  SCV  
  40  4:20  Starport  
  40  4:22  Armory  
  40  4:23  Engineering Bay  
  40  4:28  SCV  
  41  4:33  SCV  
  41  4:37  Siege Tank, Refinery  
  45  4:45  SCV x2  
  47  4:49  Widow Mine x2  
  51  4:54  Armory  
  51  4:57  SCV x2  
  51  4:58  Orbital Command  
  53  5:09  SCV  
  53  5:10  SCV  
  56  5:21  SCV  
  56  5:22  Orbital Command, SCV  
  57  5:31  Widow Mine x3  
  57  5:33  SCV, Drilling Claws  
  57  5:35  SCV  
  65  5:39  Fusion Core  
  65  5:45  SCV  
  65  5:47  SCV  
  67  5:50  SCV  
  67  5:54  Terran Vehicle And Ship Armor Level 1, Terran Ship Weapons Level 1  
  67  5:55  Starport Tech Lab  
  68  5:57  SCV  
  68  5:59  Starport  
  68  6:02  Command Center  
  69  6:07  SCV x2  
  69  6:09  SCV  
  72  6:12  Supply Depot  
  72  6:13  Supply Depot  
  72  6:19  SCV x2  
  72  6:23  Sensor Tower  
  74  6:27  Widow Mine  
  76  6:34  Widow Mine x2  
  76  6:35  Sensor Tower  
  76  6:37  Starport Tech Lab, Supply Depot, Weapon Refit  
  76  6:38  Supply Depot  
  79  6:45  Supply Depot  
  79  6:47  Battlecruiser  
  79  6:48  Widow Mine  
  87  6:55  Widow Mine  
  87  6:56  Refinery  
  87  6:57  SCV x3  
  87  6:58  Refinery  
  91  7:09  SCV x3  
  90  7:18  Battlecruiser  
  90  7:21  SCV x3  
  99  7:26  Command Center  
  99  7:33  SCV x3  
  102  7:39  Refinery  
  102  7:45  SCV  
  102  7:47  Starport  
  102  7:50  Starport, SCV x2  
  105  7:52  Starport  
  105  7:56  Missile Turret  
  105  7:57  SCV  
  105  7:58  Planetary Fortress  
  106  7:59  Missile Turret  
  106  8:02  SCV x2  
  108  8:10  Starport  
  108  8:15  SCV x3  
  111  8:21  Refinery  
  111  8:22  Missile Turret  
  111  8:25  Starport Tech Lab x2  
  111  8:27  SCV x2, Battlecruiser  
  111  8:28  Battlecruiser  
  111  8:31  Starport Tech Lab  
  125  8:37  Supply Depot  
  125  8:38  Supply Depot  
  125  8:40  Supply Depot  
  125  8:41  Supply Depot  
  125  8:42  Terran Vehicle And Ship Armor Level 2  
  125  8:47  SCV x3  
  125  8:48  SCV  
  129  8:54  Starport Tech Lab  
  127  8:58  Widow Mine  
  127  8:59  Widow Mine x2  
  127  9:02  Supply Depot  
  133  9:08  Factory  
  133  9:09  Factory  
  133  9:20  Widow Mine x3  
  133  9:22  Battlecruiser  
  143  9:39  Battlecruiser  
  143  9:41  Widow Mine x2  
  143  9:42  Widow Mine  
  139  10:02  Widow Mine  
  139  10:03  Widow Mine  
  139  10:04  Widow Mine x3  
  134  10:24  Widow Mine x2  
  134  10:25  Widow Mine  
  134  10:26  Widow Mine x2  
  144  10:35  Orbital Command  
  144  10:42  Refinery  
  144  10:45  Widow Mine  
  144  10:46  Widow Mine x2  
  144  10:47  Widow Mine x2  
  154  10:54  Refinery  
  154  11:01  Sensor Tower  
  154  11:04  SCV x4  
  156  11:07  Widow Mine x2  
  156  11:08  Widow Mine  
  156  11:10  Sensor Tower  
  168  11:16  Factory Reactor x2, SCV x2  
  166  11:19  Battlecruiser x3  
  166  11:21  Terran Ship Weapons Level 2  
  184  11:28  Widow Mine  
  186  11:35  Widow Mine x2  
  186  11:37  Supply Depot  
  187  11:49  Widow Mine  
  189  11:56  Widow Mine  
  181  12:14  Command Center, SCV  
  181  12:15  SCV x3  
  185  12:26  SCV, Battlecruiser  
  185  12:27  SCV x3  
  195  12:38  SCV  
  195  12:39  SCV x2  
  195  12:41  SCV  
  195  12:51  SCV  
  196  13:04  Missile Turret  
  196  13:06  Missile Turret  
  196  13:07  Missile Turret x2  
  196  13:15  SCV  
  195  13:26  Missile Turret  
  195  13:33  Battlecruiser  
  199  13:34  Battlecruiser  
  193  13:54  Battlecruiser  
  199  14:07  Sensor Tower  
  197  14:12  Widow Mine  
  197  14:13  Widow Mine  
  195  14:24  Refinery  
  195  14:26  Starport  
  195  14:36  Planetary Fortress  
  195  14:37  Refinery  
  195  14:38  Command Center  
  191  14:47  Command Center  
  191  14:52  Widow Mine x3  
  197  15:42  Widow Mine  
Show
View Real Time Build Order
Export as new Build Order

SupoSatan Zerg 

Build Orders: Hatch First, Roach Hydra 

Get SALT Encoding   

  12  0:01  Drone  
  13  0:08  Drone  
  14  0:17  Overlord  
  14  0:35  Drone x2  
  16  0:47  Hatchery  
  15  0:51  Drone  
  15  0:54  Drone  
  17  0:59  Drone  
  18  1:08  Extractor  
  17  1:13  Spawning Pool  
  17  1:16  Drone  
  17  1:19  Drone  
  18  1:29  Drone  
  19  1:43  Overlord  
  19  1:52  Drone  
  20  2:00  Queen x2  
  24  2:02  Zergling x4  
  26  2:12  Metabolic Boost  
  26  2:24  Hatchery  
  25  2:30  Drone x2  
  25  2:32  Drone  
  25  2:34  Drone  
  29  2:43  Drone x3  
  32  2:49  Overlord  
  32  2:56  Queen  
  33  3:02  Drone x2  
  33  3:05  Drone  
  36  3:09  Queen  
  38  3:13  Overlord  
  38  3:16  Drone  
  39  3:20  Drone x2  
  41  3:27  Drone x3  
  44  3:42  Drone x3  
  47  3:49  Drone x3  
  47  3:54  Drone x6  
  56  4:01  Lair  
  56  4:04  Drone  
  56  4:05  Drone  
  58  4:20  Overlord  
  58  4:21  Overlord x2, Roach Warren  
  57  4:24  Drone  
  57  4:27  Extractor  
  57  4:28  Extractor  
  57  4:30  Drone  
  57  4:34  Overlord x2  
  57  4:44  Drone  
  57  4:45  Drone x2  
  59  4:47  Drone x3  
  59  4:49  Drone  
  59  4:52  Drone  
  65  4:55  Drone x5, Extractor  
  65  4:58  Extractor  
  65  4:59  Extractor  
  67  5:01  Glial Reconstitution  
  67  5:07  Overseer  
  67  5:11  Drone  
  67  5:12  Drone x2  
  70  5:20  Drone x2  
  73  5:21  Drone x3  
  73  5:24  Drone x2  
  73  5:25  Drone  
  77  5:28  Evolution Chamber, Drone  
  77  5:29  Evolution Chamber, Drone x2  
  77  5:31  Roach  
  80  5:40  Roach  
  80  5:41  Roach  
  84  5:47  Overseer, Spore Crawler  
  84  5:48  Pneumatized Carapace  
  83  5:54  Roach x2, Hydralisk Den  
  83  5:55  Roach  
  83  5:56  Overlord x3  
  83  5:57  Overlord  
  88  5:58  Zerg Missile Weapons Level 1  
  88  6:04  Zerg Ground Armor Level 1  
  88  6:13  Overlord x3  
  88  6:17  Hatchery  
  88  6:18  Hatchery  
  86  6:27  Grooved Spines  
  86  6:28  Hydralisk  
  86  6:29  Hydralisk x4  
  96  6:39  Overseer  
  96  6:48  Roach  
  96  6:49  Roach x10  
  96  6:50  Roach  
  120  7:03  Overseer  
  116  7:10  Hydralisk x2  
  116  7:11  Hydralisk x3  
  116  7:14  Roach x3  
  132  7:17  Ravager  
  132  7:20  Drone  
  132  7:22  Queen x3  
  140  7:34  Drone x2  
  140  7:35  Drone x5  
  147  7:46  Overseer x2  
  147  7:48  Muscular Augments  
  147  7:49  Roach  
  147  7:50  Roach x4  
  157  7:56  Infestation Pit  
  156  7:59  Drone x2  
  156  8:01  Overlord x4  
  156  8:02  Overlord, Extractor  
  156  8:03  Extractor  
  156  8:12  Drone x2  
  158  8:13  Hatchery, Drone  
  158  8:16  Overlord  
  158  8:17  Overlord x3  
  162  8:20  Ravager x8  
  162  8:22  Overlord  
  162  8:23  Drone x2  
  162  8:24  Drone  
  162  8:25  Drone x4  
  173  8:36  Overseer  
  173  8:37  Overseer  
  173  8:41  Burrow  
  173  8:58  Roach  
  173  8:59  Roach x12  
  173  9:02  Zerg Missile Weapons Level 2  
  199  9:08  Zerg Ground Armor Level 2  
  199  9:25  Ravager  
  200  9:31  Spire  
  114  10:28  Spire  
  105  10:31  Hydralisk x10  
  105  10:32  Hydralisk x6  
  105  10:34  Zergling x22  
  105  10:35  Zergling x24  
  160  10:43  Drone x8  
  160  10:47  Spore Crawler  
  160  10:48  Spore Crawler  
  166  10:50  Spore Crawler  
  166  10:55  Spire  
  165  10:58  Hive  
  165  11:15  Overseer  
  165  11:16  Overseer x3  
  165  11:17  Overlord  
  165  11:18  Overlord x3  
  129  12:06  Corruptor  
  129  12:07  Corruptor x17  
  151  12:11  Zergling x2  
  151  12:12  Zergling x48  
  171  12:19  Extractor x2  
  168  12:30  Hatchery  
  168  12:32  Overseer x4  
  168  12:34  Hatchery  
  168  12:35  Hatchery  
  126  13:01  Corruptor x9  
  144  13:08  Zergling x2  
  144  13:09  Zergling x8  
  144  13:10  Zergling x4  
  154  13:14  Spine Crawler  
  154  13:16  Spine Crawler x2  
  154  13:19  Spine Crawler  
  139  13:21  Spine Crawler  
  134  13:30  Zerg Flyer Weapons Level 1  
  134  13:32  Zerg Flyer Armor Level 1  
  129  13:49  Corruptor x5  
  129  13:53  Hydralisk x2  
  142  13:57  Drone x2  
  142  13:58  Drone  
  142  13:59  Drone x3  
  148  14:24  Drone x14  
  148  14:25  Drone x4  
  164  14:44  Overseer x5  
  164  14:46  Overlord x6  
  164  15:07  Hatchery  
  163  15:14  Hatchery  
  162  15:40  Hydralisk  
  162  15:41  Hydralisk x16  
  194  15:45  Corruptor x2  
  192  16:02  Overlord x4  
  192  16:03  Overlord  
Tags
 
Add a new tag
Caveats
  • Supply blocks, unpowered buildings, or Contaminate may cause inaccurate times.
  • Supply counts are checked every 10 seconds.